 Dungeon Crawl Stone Soup version 0.27-a0-869-g165b36e3f0 (webtiles) character file.

Game seed: 8099103066471707108

33 leviel the Skirmisher (level 3, 0/33 HPs)
             Began as a Hill Orc Fighter on Apr 3, 2021.
             Succumbed to an adder's poison
             ... on level 1 of the Dungeon.
             The game lasted 00:01:13 (1073 turns).

leviel the Skirmisher (Hill Orc Fighter)            Turns: 1073, Time: 00:01:14

Health: 0/33       AC:  7    Str: 19    XL:     3   Next: 29%
Magic:  3/3        EV:  7    Int:  8    God:
Gold:   51         SH:  9    Dex: 10    Spells: 2/2 levels left

rFire    . . .     SeeInvis .   a - +0 long sword
rCold    . . .     Faith    .   c - +0 kite shield
rNeg     . . .     Spirit   .   b - +0 scale mail
rPois    .         Reflect  .   (no helmet)
rElec    .         Harm     .   (no cloak)
rCorr    .         Rampage  .   (no gloves)
Will     .....                  (no boots)
Stlth    ..........             (no amulet)
HPRegen  0.11/turn              (no ring)
MPRegen  0.08/turn              (no ring)

@: lethally poisoned (0 -> -8)
A: no striking features
a: no special abilities


You were on level 1 of the Dungeon.
You visited 1 branch of the dungeon, and saw 2 of its levels.

You collected 51 gold pieces.

Inventory:

Hand Weapons
 a - a +0 long sword (weapon)
Armour
 b - a +0 scale mail (worn)
 c - a +0 kite shield (worn)
Potions
 d - a potion of might
 e - 2 potions of heal wounds {unknown}
 f - 2 potions of flight {unknown}
 g - a potion of curing {unknown}


   Skills:
 + Level 4.0 Fighting
 + Level 2.4 Long Blades
 + Level 3.9 Armour
 + Level 3.7 Shields


You had 2 spell levels left.
You didn't know any spells.
Your spell library was empty.

Dungeon Overview and Level Annotations

Branches:
Dungeon (2/15)

Altars:


Message History

The adder bites you. The adder barely misses you.
You block the jackal's attack. The jackal bites you.
You block the adder's attack. The adder closely misses you.
You riposte.
Your shield and scale mail prevent you from hitting the adder.
As you read the scroll labelled WUMYW MOCUSAOSK, it crumbles to dust.
The scroll dissolves into smoke.
It was a scroll of fog.
The jackal closely misses you.
The jackal bites you but does no damage.
You block the adder's attack. x2; You block the jackal's attack.
The jackal bites you but does no damage.
The adder bites you.
* * * LOW HITPOINT WARNING * * *
The jackal bites you.
* * * LOW HITPOINT WARNING * * *
The adder bites you but does no damage.
The jackal bites you but does no damage.
You block the jackal's attack. The adder closely misses you.
You riposte.
You closely miss the adder.
The adder is moderately wounded.
There is a stone staircase leading up here.
The adder bites you.
* * * LOW HITPOINT WARNING * * *
The adder barely misses you. You block the jackal's attack.
The adder bites you but does no damage.
You climb upwards.
There is a stone staircase leading down here.
The adder bites you.
* * * LOW HITPOINT WARNING * * *
You are lethally poisoned!
The adder poisons you! You block the jackal's attack.
* * * LOW HITPOINT WARNING * * *
You feel sick. The jackal barely misses you.
You riposte.
You slash the jackal!
You kill the jackal!
* * * LOW HITPOINT WARNING * * *
You feel sick. The adder closely misses you.
* * * LOW HITPOINT WARNING * * *
You feel sick. The adder bites you but does no damage.
* * * LOW HITPOINT WARNING * * *
You feel sick.
You die...

.....................# #.#
.#######.............#####.#####
............>...............†..#
..#####....†........#####.####.#
..#.....................#.# #.#
#.#.##..............#.###.# #.#
#.#.##........SS.####.....# #.#
#................# ####### #.#
##..##..........@# #.#
#...+...........# #.#
##.##...........# #.#
#..#...........#############)#
####.##.######.................#
.###.##.#########################
.................................
.................###############.
.##.#...########.# #.


You could see 2 adders.

Vanquished Creatures
  A dart slug (D:1)
  3 bats
  3 endoplasms (D:1)
  A giant cockroach (D:1)
  2 goblins
  A hobgoblin (D:1)
  9 jackals (D:1)
  A quokka (D:1)
  3 kobolds (D:1)
  A rat (D:1)
25 creatures vanquished.

Vanquished Creatures (others)
  4 toadstools (D:1)
4 creatures vanquished.

Grand Total: 29 creatures vanquished

Notes
Turn   | Place    | Note
-------+----------+-------------------------------------------
     0 | D:1      | leviel the Hill Orc Fighter began the quest for the Orb.
     0 | D:1      | Reached XP level 1. HP: 19/19 MP: 1/1
   477 | D:1      | Reached XP level 2. HP: 25/27 MP: 2/2
   478 | D:1      | Reached skill level 4 in Fighting
   678 | D:1      | Found a faded altar of an unknown god.
   860 | D:1      | Reached XP level 3. HP: 33/33 MP: 3/3
  1072 | D:1      | HP: 1/33 [poisoned by an adder]
  1073 | D:1      | Succumbed to an adder's poison

Illustrated notes

Levels and vault maps discovered:
D:1:      ldierk_water_garden, layout_basic, ebering_ecumenical_altar_box,
          st_stairs_1
D:2:      minmay_recursive_quarters, layout_basic

Skill      XL: |  1  2 |
---------------+-------+-----
Fighting       | 4 |  4.0
Long Blades    | |  2.4
Armour         | |  3.9
Shields        | |  3.7

Action                   || total
-------------------------++-------
Melee: Long sword        ||    86
  Use: Scroll            ||     1
Armor: Scale mail        ||    65
Dodge: Dodged            ||    53
Block: Kite shield       ||    75
       Rpst.: Long sword ||    21

Table legend: (Time is in decaauts)
 A = Elapsed time spent in this place.
 B = Non-inter-level travel time spent in this place.
 C = Inter-level travel time spent in this place.
 D = Time resting spent in this place.
 E = Time spent auto-exploring this place.
 F = Levels seen in this place.
 G = Mean time per level.
                   A        B        C        D        E       F      G
               +--------+--------+--------+--------+--------+-----+--------+
         Total |   1123 |   1103 |     20 |      0 |    904 |   2 |  561.5 |
       Dungeon |   1123 |   1103 |     20 |      0 |    904 |   2 |  561.5 |
               +--------+--------+--------+--------+--------+-----+--------+

Top non-repeatable levels by time:
     D:1: 1081 daAuts
     D:2: 41 daAuts
